 Dungeon Crawl Stone Soup version 0.31.0-32-g396128a36d (webtiles) character file.

Game seed: 4139530855052200442

7 NotreDorf the Magician (level 1, 0/13 HPs)
             Began as a Mummy Hedge Wizard on Mar 18, 2024.
             Slain by a giant cockroach (2 damage)
             ... on level 1 of the Dungeon.
             The game lasted 00:01:26 (287 turns).

NotreDorf the Magician (Mummy Hedge Wizard)          Turns: 287, Time: 00:01:27

Health: 0/13       AC:  2    Str: 13    XL:     1   Next: 83%
Magic:  1/5        EV: 12    Int: 13    God:
Gold:   17         SH:  0    Dex: 11    Spells: 7/8 levels left

rFire   x . .        a - +0 dagger
rCold   + . .        (no shield)
rNeg    + + +        b - +0 robe
rPois   ∞            c - +0 hat
rElec   .            (no cloak)
rCorr   .            (no gloves)
SInv    .            (no boots)
Will    .....        (no amulet)
Stlth   ++           (no ring)
HPRegen 0.22/turn    (no ring)
MPRegen 0.09/turn

%: faith
@: no status effects
A: cold resistance 1, negative energy resistance 3, torment resistance 2, heat
vulnerability 1, in touch with death 1, no potions, faith
a: no special abilities


You were on level 1 of the Dungeon.
You visited 1 branch of the dungeon, and saw 1 of its levels.

You collected 17 gold pieces.

Inventory:

Hand Weapons
 a - a +0 dagger (weapon)
Armour
 b - a +0 robe (worn)
 c - a +0 hat (worn)


   Skills:
 - Level 1.5 Dodging
 - Level 1.5 Stealth
 + Level 4.3 Spellcasting
 - Level 0.7 Conjurations
 + Level 1.2 Summonings
 - Level 0.7 Translocations


You had 7 spell levels left.
You knew the following spells:

 Your Spells              Type           Power      Damage    Failure   Level
a - Magic Dart            Conj           16%        1d3       16%         1

Your spell library contained the following spells:

 Spells                   Type           Power      Damage    Failure   Level
 Call Imp                 Summ           10%        N/A       19%         2
 Slow                     Hex            8%         N/A       21%         1
 Blink                    Tloc           8%         N/A       22%         2
 Cigotuvi's Dreadful Rot  Necr/Alch/Air  8%         N/A       30%         2
 Mephitic Cloud           Conj/Alch/Air  3%         N/A       50%         3


Dungeon Overview and Level Annotations

Branches:
Dungeon (1/15)

Altars:


Innate Abilities, Weirdness & Mutations

You are immune to poison.
Your flesh is cold resistant. (rC+)
You are immune to negative energy. (rN+++)
You are immune to unholy pain and torment.
You are vulnerable to heat. (rF-)
You are in touch with the powers of death.
You do not drink.
You have a special connection with the divine. (Faith)


Message History

You hit the giant cockroach but do no damage.
The giant cockroach is moderately wounded.
The giant cockroach completely misses you.
You hit the giant cockroach but do no damage.
The giant cockroach is moderately wounded.
The giant cockroach bites you.
* * * LOW HITPOINT WARNING * * *
Casting: Magic Dart (safe; 16% risk of failure)
Confirm with . or Enter, or press ? or * to list all spells.
Aiming: Magic Dart (safe; 16% risk of failure)
Press: ? - help, Shift-Dir - straight line, f - giant cockroach
Aim: a giant cockroach (moderately wounded, 100% to hit)
The magic dart hits the giant cockroach.
The giant cockroach is heavily wounded.
The giant cockroach closely misses you. x2
You hit the giant cockroach but do no damage.
The giant cockroach is heavily wounded.
The giant cockroach closely misses you.
You barely miss the giant cockroach.
The giant cockroach is moderately wounded.
The giant cockroach misses you.
You hit the giant cockroach.
The giant cockroach is almost dead.
The giant cockroach barely misses you.
You barely miss the giant cockroach.
The giant cockroach is almost dead.
The giant cockroach misses you.
You hit the giant cockroach but do no damage.
The giant cockroach is almost dead.
The giant cockroach misses you.
The giant cockroach bites you but does no damage.
You hit the giant cockroach but do no damage.
The giant cockroach is severely wounded.
The giant cockroach bites you.
* * * LOW HITPOINT WARNING * * *
You hit the giant cockroach but do no damage.
You punch the giant cockroach.
The giant cockroach is almost dead.
The giant cockroach bites you.
You die...

#.# # #.#
...##########)#
........##...†#######
##..........†.......#
#####.#.##########.#
#gS###.# ##.#
####.#B#..# ##..#
#.gS.##@..# #...##
#g#####.#....####...!###
..r #...###.#...#....#
##.. ##..# ##.####...
#). ....###..## #..< ...
#..##......# ##.. #)..
..##.##...###..# ..##
.... #....##.## .#
#.......#


You could see a giant cockroach, a hobgoblin and a ball python.

Vanquished Creatures
  An endoplasm (D:1)
  2 hobgoblins (D:1)
  A quokka (D:1)
  2 kobolds (D:1)
6 creatures vanquished.

Notes
Turn   | Place    | Note
-------+----------+-------------------------------------------
     0 | D:1      | NotreDorf the Mummy Hedge Wizard began the quest for the
                  | Orb.
     0 | D:1      | Reached XP level 1. HP: 13/13 MP: 5/5
   127 | D:1      | Reached skill level 1 in Summonings
   287 | D:1      | Slain by a giant cockroach

Illustrated notes

Levels and vault maps discovered:
D:1:      dpeg_arrival_arbitrary_b, layout_loops_ring, minmay_heptomino_w4

Skill      XL: |  1 |
---------------+----+-----
Summonings     | 1 |  1.2
Dodging        | |  1.5
Stealth        | |  1.5
Spellcasting   | |  4.3
Conjurations   | |  0.7
Translocations | |  0.7

Action                     || total
---------------------------++-------
  Melee: Dagger            ||    30
         Punch             ||     1
   Cast: Magic Dart        ||    17
 Armour: Robe              ||    17
  Dodge: Dodged            ||    15
